 Dungeon Crawl Stone Soup version 0.28.0-45-g0d030f2227 (webtiles) character file.

Game seed: 5652713529302126156

5028 ImHallYall the Cudgeller (level 10, -5/78 (84) HPs)
             Began as a Demonspawn Berserker on Apr 8, 2022.
             Was a Priest of Trog.
             Slain by a spectral orc warrior
             ... wielding a +0 battleaxe
             ... summoned by Nergalle
              (15 damage)
             ... on level 10 of the Dungeon on Apr 12, 2022.
             The game lasted 00:49:53 (12436 turns).

ImHallYall the Cudgeller (Demonspawn Berserker)    Turns: 12436, Time: 00:49:54

HP:   -5/78 (84)    AC: 13    Str: 22    XL:     10   Next: 30%
MP:   0/10          EV: 10    Int:  9    God:    Trog [***...]
Gold: 436           SH:  0    Dex: 12    Spells: 9/9 levels left

rFire   . . .      SeeInvis .   A - +0 scimitar
rCold   . . .      Faith    .   (no shield)
rNeg    . . .      Spirit   +   K - +1 chain mail
rPois   .          Reflect  .   e - +2 hat of the Bear Spirit {Spirit, *Rage Will++}
rElec   .          Harm     .   (no cloak)
rCorr   .          Rampage  .   (no gloves)
Will    ++++.      Rage     20% (boots unavailable)
Stlth   ..........              (no amulet)
HPRegen 1.23/turn               g - +4 ring of slaying
MPRegen 0.12/turn               (no ring)

@: lethally poisoned (-5 -> -8), strong-willed, regenerating, drained
A: hooves 3, foul stench 2, sturdy frame 1, robust 1, wild magic 1
a: Renounce Religion, Berserk, Trog's Hand


You were on level 10 of the Dungeon.
You worshipped Trog.
Trog was most pleased with you.
You visited 1 branch of the dungeon, and saw 10 of its levels.

You collected 436 gold pieces.

Inventory:

Hand Weapons
 a - a +0 falchion
 i - a +3 dagger of draining
 j - a +0 hunting sling
 n - a +4 flail of freezing
 s - a +0 glaive
 y - a +0 giant spiked club
 A - a +0 scimitar (weapon)
 B - a +3 hand axe
 C - a +2 mace
 E - a +0 whip of flaming
 G - a +0 dire flail
 H - a +0 short sword of draining
 J - a +3 short sword of speed
Missiles
 k - 250 stones
Armour
 b - a +0 animal skin
 e - the +2 hat of the Bear Spirit (worn) {Spirit, *Rage Will++}
   (You acquired it on level 1 of the Dungeon)

   Going berserk makes the wearer tougher, and they're slowed less afterward.
   *Rage:     It berserks you when you make melee attacks (+20% chance).
   Will:      It greatly increases your willpower.
 f - a +0 leather armour
 h - a +1 helmet
 r - a +0 scale mail
 z - a +0 ring mail
 K - a +1 chain mail (worn)
Magical Staves
 c - a staff of earth
Jewellery
 g - a +4 ring of slaying (left hand)
 L - a ring of ice
Wands
 u - a wand of flame (23)
 x - a wand of acid (4)
Scrolls
 d - a scroll of identify
 m - a scroll of magic mapping
 o - 2 scrolls of fear
 p - a scroll of vulnerability
 t - a scroll of amnesia
 D - a scroll of immolation (quivered)
Potions
 l - 4 potions of curing
 q - 2 potions of haste
 v - a potion of heal wounds
 w - 2 potions of flight
 F - a potion of attraction
 I - a potion of might


   Skills:
 + Level 6.9 Fighting
 + Level 3.0(4.4) Short Blades
 + Level 4.8(5.3) Long Blades
 + Level 7.2 Maces & Flails
 + Level 6.5 Armour
 + Level 5.0 Dodging
 + Level 4.2 Stealth
 + Level 1.4 Evocations


You had 9 spell levels left.
You didn't know any spells.
Your spell library was empty.

Dungeon Overview and Level Annotations

Branches:
Dungeon (10/15)            Temple (0/1) D:6            Lair (0/6) D:8
    Orc: D:9-12

Altars:
Vehumet
Beogh

Annotations:
D:10 Nergalle


Innate Abilities, Weirdness & Mutations

You have hooves in place of feet.
You sometimes emit foul miasma when damaged in melee.
Your movements are slightly less encumbered by armour. (ER -2)
You are robust. (+10% HP)
Your spells are a little harder to cast, but a little more powerful.


Message History

The spectral orc warrior hits you with a +0 battleaxe!
Nergalle asks, "There's a tasty morsel, hm?"
Nergalle hits you but does no damage.
You are more poisoned.
You hit Nergalle but do no damage.
You feel sick.
The spectral orc warrior hits you with a +0 battleaxe.
You feel drained.
You emit a cloud of foul miasma!
Nergalle points at you and mumbles some strange words.
Orcish apparitions take form around you.
The spectral orc warrior hits you from afar with a +1 halberd of distortion!
You feel drained. Space warps around you.
You slash Nergalle!
Nergalle is moderately wounded.
You feel sick.
The spectral orc warrior hits you with a +0 battleaxe.
Nergalle hits you but does no damage.
You are more poisoned.
The spectral orc warrior hits you from afar with a +1 halberd of distortion!
The spectral orc warrior hits you with a +0 battleaxe.
You feel drained.
You feel much better.
You feel sick.
Nergalle gestures at you while chanting.
Orcish apparitions take form around you.
The spectral orc warrior barely misses you.
The spectral orc warrior hits you but does no damage.
The spectral orc warrior hits you with a +0 battleaxe!
You feel better. Nergalle barely misses you.
The spectral orc warrior hits you from afar with a +1 halberd of distortion!
Space warps around you.
The spectral orc hits you but does no damage.
The spectral orc warrior hits you but does no damage. x2
You hit Nergalle but do no damage. You kick Nergalle!
Nergalle is moderately wounded.
Nergalle hits you with a +1 dagger of venom.
You are poisoned.
The spectral orc warrior hits you from afar with a +1 halberd of distortion.
Space warps horribly around you!
* * * LOW HITPOINT WARNING * * *
The spectral orc warrior hits you with a +0 battleaxe!
You die...

........#
........#
###.....#
#.....#
#.###.#
#.....#
#Z....#
#ZZZ..#
#@###.#
#oZZ..#
#Z.Z..#
<....#...#
##...#...#
#!..#...#
.........#
###########


You could see Nergalle, a spectral orc (summoned) and 7 spectral orc warriors.

Vanquished Creatures
  A two-headed ogre (D:9)
  Pikel (D:6)
  A komodo dragon (D:7)
  A hornet (D:9)
  Grinder (D:4)
  A troll (D:8)
  A wraith (D:9)
  A steam dragon (D:7)
  A water moccasin (D:4)
  A black bear (D:6)
  An orc warrior (D:9)
  4 ogres
  2 wolves (D:8)
  A centaur (D:9)
  A kobold brigand (D:7)
  A bullfrog (D:6)
  2 scorpions
  4 killer bees (D:9)
  4 wights (D:6)
  3 howler monkeys (D:7)
  An electric eel (D:8)
  A jelly (D:6)
  A centaur zombie (D:7)
  7 hounds
  A gnoll shaman (D:6)
  An orc priest (D:6)
  Jessica (D:3)
  2 orc wizards
  A scorpion zombie (D:5)
  A killer bee zombie (D:6)
  Robin (D:3)
  A howler monkey zombie (D:6)
  10 gnolls
  7 adders
  A shadow imp (D:7)
  3 white imps
  2 ufetubi (D:7)
  4 dart slugs
  12 orcs
  10 bats
  4 endoplasms
  6 giant cockroaches
  5 hobgoblins
  3 jackals (D:2)
  11 kobolds
  6 quokkas
  5 ball pythons
  3 frilled lizards
  18 goblins
  10 rats
172 creatures vanquished.

Vanquished Creatures (collateral kills)
  A phantasmal warrior (D:10)
1 creature vanquished.

Grand Total: 173 creatures vanquished

Notes
Turn   | Place    | Note
-------+----------+-------------------------------------------
     0 | D:1      | ImHallYall the Demonspawn Berserker began the quest for the
                  | Orb.
     0 | D:1      | Reached XP level 1. HP: 18/18 MP: 1/1
   409 | D:1      | Gained mutation: You have large cloven feet. [demonic
                  | ancestry]
   409 | D:1      | Reached XP level 2. HP: 23/24 MP: 2/2
   433 | D:1      | Found a faded altar of an unknown god.
   889 | D:1      | Identified a scroll of acquirement
   892 | D:1      | Acquired the +2 hat of the Bear Spirit {Spirit, *Rage
                  | Will++}
   892 | D:1      | Found the +2 hat of the Bear Spirit {Spirit, *Rage Will++}
   964 | D:1      | Reached XP level 3. HP: 26/29 MP: 3/3
  1357 | D:2      | Reached ** piety under Trog
  1782 | D:2      | Gained mutation: Your movements are slightly less
                  | encumbered by armour. (ER -2) [demonic ancestry]
  1782 | D:2      | Reached XP level 4. HP: 34/34 MP: 4/4
  2747 | D:3      | Noticed Jessica
  2751 | D:3      | Killed Jessica
  2751 | D:3      | Noticed Robin
  2761 | D:3      | Killed Robin
  2762 | D:3      | Reached XP level 5. HP: 41/41 MP: 5/5
  3222 | D:3      | Found a radiant altar of Vehumet.
  3610 | D:4      | Reached *** piety under Trog
  3611 | D:4      | Reached skill level 1 in Short Blades
  3867 | D:4      | Gained mutation: Your spells are a little harder to cast,
                  | but a little more powerful. [potion of mutation]
  3867 | D:4      | Gained mutation: You are robust. (+10% HP) [potion of
                  | mutation]
  4152 | D:4      | Reached skill level 1 in Stealth
  4231 | D:4      | Reached skill level 1 in Maces & Flails
  4231 | D:4      | Gained mutation: You have hoof-like feet. [demonic
                  | ancestry]
  4231 | D:4      | Reached XP level 6. HP: 52/52 MP: 6/6
  4807 | D:4      | Noticed a water moccasin
  4817 | D:4      | Killed a water moccasin
  4818 | D:4      | Reached skill level 2 in Maces & Flails
  5238 | D:4      | Noticed Grinder
  6110 | D:4      | Killed Grinder
  6111 | D:4      | Reached skill level 3 in Maces & Flails
  6111 | D:4      | Gained mutation: You may rarely emit foul miasma when
                  | damaged in melee. [demonic ancestry]
  6111 | D:4      | Reached XP level 7. HP: 60/60 MP: 7/7
  6431 | D:5      | Entered Level 5 of the Dungeon
  7130 | D:6      | Reached skill level 4 in Maces & Flails
  7141 | D:6      | Gained mutation: You have hooves in place of feet. [demonic
                  | ancestry]
  7141 | D:6      | Reached XP level 8. HP: 67/67 MP: 8/8
  7694 | D:6      | Reached skill level 5 in Fighting
  7694 | D:6      | Reached skill level 5 in Maces & Flails
  7851 | D:6      | Found a staircase to the Ecumenical Temple.
  8281 | D:6      | Noticed Pikel
  8287 | D:6      | Killed Pikel
  8288 | D:6      | Reached skill level 6 in Maces & Flails
  8288 | D:6      | Gained mutation: You sometimes emit foul miasma when
                  | damaged in melee. [demonic ancestry]
  8288 | D:6      | Reached XP level 9. HP: 74/74 MP: 5/9
  8535 | D:7      | Noticed a komodo dragon
  8779 | D:7      | Killed a komodo dragon
  9122 | D:7      | Reached **** piety under Trog
 10268 | D:8      | Noticed a troll
 10359 | D:8      | Killed a troll
 10360 | D:8      | Reached skill level 7 in Maces & Flails
 10360 | D:8      | Reached skill level 5 in Armour
 10360 | D:8      | Reached skill level 1 in Evocations
 10574 | D:8      | Found a staircase to the Lair.
 11440 | D:9      | Noticed a two-headed ogre
 11448 | D:9      | Killed a two-headed ogre
 11449 | D:9      | Reached XP level 10. HP: 33/84 MP: 3/10
 12382 | D:10     | Entered Level 10 of the Dungeon
 12384 | D:10     | Noticed a phantasmal warrior
 12397 | D:10     | Killed a phantasmal warrior
 12398 | D:10     | Reached skill level 5 in Dodging
 12422 | D:10     | Noticed Nergalle
 12436 | D:10     | Slain by a spectral orc warrior

Illustrated notes

Levels and vault maps discovered:
D:1:      sevenhm_arrival_forest_fort_large_4, layout_basic,
          hellmonk_ecumenical_altar_defaced_shrine
D:2:      layout_loops_corners, minmay_tromino_v4_b
D:3:      layout_basic, mainiacjoe_overflow_alcove_1, uniq_robin, uniq_jessica
D:4:      layout_gridville, uniq_grinder
D:5:      layout_cave_pools, chequers_serial_rivers_micro_a
D:6:      layout_basic, temple_doors_ab, uniq_pikel
D:7:      layout_loops_ring, minmay_strange_pillars
D:8:      layout_basic, erik_lair_island
D:9:      layout_roguey, nrook_uturn
D:10:     layout_stronghold, trove_entry_hex_spiral,
          chequers_serial_rivers_small_a, uniq_nergalle, uniq_gastronok

Skill      XL: |  1  2  3  4  5  6  7  8  9 10 |
---------------+-------------------------------+-----
Long Blades    | 3 4 |  4.8
Dodging        | 2 3 4 5 |  5.0
Short Blades   | 1 3 |  3.0
Stealth        | 1 2 3 4 |  4.2
Maces & Flails | 1 3 4 6 7 |  7.2
Fighting       | 4 5 6 |  6.9
Armour         | 2 3 5 6 |  6.5
Evocations     | 1 |  1.4

Action                   |  1- 3 |  4- 6 |  7- 9 | 10-12 || total
-------------------------+-------+-------+-------+-------++-------
Melee: Falchion          |    92 |       |     9 |       ||   101
       Kick              |    12 |    26 |    53 |     7 ||    98
       Dagger            |     5 |    23 |       |       ||    28
       Punch             |     1 |       |     1 |     2 ||     4
       Flail             |       |    67 |   116 |       ||   183
       Short sword       |       |       |    23 |       ||    23
       Scimitar          |       |       |       |    41 ||    41
Invok: Berserk           |       |     1 |     3 |       ||     4
       Trog's Hand       |       |       |     1 |     1 ||     2
       Brothers in Arms  |       |       |       |     1 ||     1
Evoke: Wand              |       |       |     7 |       ||     7
  Use: Scroll            |     6 |     3 |     4 |     3 ||    16
       Potion            |     1 |     5 |     5 |     2 ||    13
 Stab: Sleeping          |       |     1 |     2 |       ||     3
Armor: Animal skin       |    38 |     1 |       |       ||    39
       Leather armour    |       |    44 |       |       ||    44
       Scale mail        |       |       |    51 |       ||    51
       Chain mail        |       |       |    49 |    30 ||    79
Dodge: Dodged            |    87 |    82 |   104 |    24 ||   297
